 Dungeon Crawl Stone Soup version 0.31.0-12-g77e489cdc1 (webtiles) character file.

Game seed: 17500793007731971856

70252 Doomgape the Fencer (level 14, -2/135 HPs)
             Began as a Minotaur Fighter on Feb 19, 2024.
             Was a Priest of Okawaru.
             Slain by Rupert
             ... wielding a +2 executioner's axe of distortion
              (19 damage)
             ... on level 14 of the Dungeon.
             The game lasted 01:38:29 (26289 turns).

Doomgape the Fencer (Minotaur Fighter)             Turns: 26289, Time: 01:38:29

Health: -2/135     AC: 19    Str: 31    XL:     14   Next: 93%
Magic:  0/20       EV: 10    Int:  5    God:    Okawaru [***...]
Gold:   1465       SH:  7    Dex: 11    Spells: 13/13 levels left

rFire   . . .        E - +3 falchion (flame)
rCold   + . .        c - +0 buckler
rNeg    . . .        C - +0 plate armour
rPois   .            (helmet restricted)
rElec   .            (no cloak)
rCorr   .            (no gloves)
SInv    .            m - +1 pair of boots "Loufis" {rC+}
Will    +....        B - amulet of guardian spirit Stlth
                     b - +4 ring of slaying
HPRegen 0.42/turn    M - ring "Baafor" {Str+6 Slay+3 Stlth+}
MPRegen 0.17/turn

%: guardian spirit
@: heroic
A: horns 2, retaliatory headbutt
a: Renounce Religion, Heroism


You were on level 14 of the Dungeon.
You worshipped Okawaru.
Okawaru was most pleased with you.
You visited 4 branches of the dungeon, and saw 22 of its levels.
You also visited: Gauntlet.

You collected 1813 gold pieces.
You spent 348 gold pieces at shops.

Inventory:

Hand Weapons
 v - a +2 falchion of holy wrath
 y - a +3 falchion of freezing
 E - a +3 falchion of flaming (weapon)
Missiles
 i - 15 javelins (quivered)
 k - 8 silver javelins
Armour
 c - a +0 buckler (worn)
 m - the +1 pair of boots "Loufis" (worn) {rC+}
   (You found it on level 4 of the Dungeon)

   rC+:       It protects you from cold.
 C - a +0 plate armour (worn)
Jewellery
 b - a +4 ring of slaying (left hand)
 d - a ring of see invisible
 h - the amulet "Bioriol" {Spirit Fly Will- Str+3}
   (You took it off a minotaur in a Gauntlet)

   [amulet of guardian spirit]

   Spirit:    It causes incoming damage to be divided between your reserves of
   health and magic.
   Str+3:     It affects your strength (+3).
   Will-:     It decreases your willpower.
   Fly:       It grants you flight.
 q - a ring of positive energy
 w - a ring of resist corrosion
 z - a ring of poison resistance
 B - an amulet of guardian spirit (around neck)
 M - the ring "Baafor" (right hand) {Str+6 Slay+3 Stlth+}
   (You found it on level 5 of the Lair of Beasts)

   [ring of strength]

   Str+6:     It affects your strength (+6).
   Slay+3:    It affects your accuracy & damage with ranged weapons and melee
   (+3).
   Stlth+:    It makes you more stealthy.
Wands
 l - a wand of quicksilver (12)
 t - a wand of iceblast (6)
 D - a wand of polymorph (7)
 H - a wand of flame (2)
Scrolls
 e - 10 scrolls of identify
 j - 4 scrolls of poison
 n - 4 scrolls of teleportation
 p - 2 scrolls of enchant armour
 r - 2 scrolls of noise
 s - a scroll of blinking
 A - 3 scrolls of revelation
 F - 2 scrolls of fog
 G - 2 scrolls of vulnerability
 J - 2 scrolls of amnesia
 K - 2 scrolls of immolation
Potions
 a - 5 potions of cancellation
 f - 3 potions of curing
 g - 3 potions of ambrosia
 o - a potion of might
 u - 2 potions of enlightenment
 x - a potion of resistance
 I - a potion of invisibility
Miscellaneous
 L - a condenser vane


   Skills:
 + Level 15.2(20.2) Fighting
 + Level 17.6(22.6) Long Blades
 + Level 6.3(11.3) Throwing
 - Level 10.0(15.0) Armour
 - Level 8.3(13.3) Shields
 - Level 10.0 Invocations
 - Level 10.2 Evocations


You had 13 spell levels left.
You didn't know any spells.
Your spell library contained the following spells:

 Spells                   Type           Power      Damage    Failure   Level
 Slow                     Hex            0%         N/A       96%         1
 Lesser Beckoning         Tloc           0%         N/A       99%         2
 Confusing Touch          Hex            0%         N/A       100%        3
 Dazzling Flash           Conj/Hex       0%         N/A       100%        3
 Fugue of the Fallen      Necr           0%         N/A       100%        3
 Gell's Gravitas          Tloc           0%         N/A       100%        3
 Ozocubu's Armour         Ice            0%         N/A       100%        3
 Sigil of Binding         Hex            0%         N/A       100%        3
 Teleport Other           Tloc           0%         N/A       100%        3
 Vampiric Draining        Necr           0%         2d6       100%        3
 Volatile Blastmotes      Fire/Tloc      0%         2d10      100%        3
 Brom's Barrelling Bould  Conj/Erth      0%         2d3       100%        4
 Dimensional Bullseye     Hex/Tloc       0%         N/A       100%        4
 Iskenderun's Mystic Bla  Conj/Tloc      0%         2d3       100%        4
 Manifold Assault         Tloc           0%         N/A       100%        4
 Fireball                 Conj/Fire      0%         3d3       100%        5
 Iskenderun's Battlesphe  Conj           0%         2d6       100%        5
 Lee's Rapid Deconstruct  Erth           0%         3d4*      100%        5
 Metabolic Englaciation   Hex/Ice        0%         N/A       100%        5
 Conjure Ball Lightning   Conj/Air       0%         3x3d6     100%        6
 Starburst                Conj/Fire      0%         6d3       100%        6
 Orb of Destruction       Conj           0%         9d5       100%        7
 Maxwell's Capacitive Co  Air            0%         ∞         100%        8
 Tukima's Dance           Hex            Unusable   N/A       N/A         3
 Animate Armour           Summ/Erth      Unusable   N/A       N/A         4
 Summon Lightning Spire   Summ/Air       Unusable   N/A       N/A         4
 Sculpt Simulacrum        Ice/Alch       Unusable   N/A       N/A         6

Dungeon Overview and Level Annotations

Branches:
Dungeon (14/15)            Temple (1/1) D:7            Lair (5/5) D:10
 Shoals (0/4) Lair:2       Spider (0/4) Lair:2        Slime (0/5) Lair:4
    Orc (2/2) D:10            Elf (0/3) Orc:2        Vaults (0/5) D:13
Gauntlet (visited)

Altars:
Ashenzari
Cheibriados
Dithmenos
Elyvilon
Fedhas
Gozag
Hepliaklqana
Kikubaaqudgha
Makhleb
Nemelex Xobeh
Okawaru
Qazlal
Ru
Sif Muna
Trog
Uskayaw
Vehumet
Wu Jian
Xom
Yredelemnul
Zin
The Shining One
Jiyva
Lugonu

Shops:
D:5 ?   D:9 =   D:12 :   D:13 (   Orc:1 [   Orc:2 ?!((

Portals:
Abyss: Orc:1

Annotations:
D:14 Rupert
Orc:1 2 transporters, Axelsxxd's ghost, journeyman MfGl


Innate Abilities, Weirdness & Mutations

You have a pair of horns on your head.
You reflexively headbutt those who attack you in melee.


Message History

The fire elemental hits you. The fire elemental burns you!
You block the fire elemental's attack.
Things that are here:
a +0 long sword; an elf corpse You slice the deep elf pyromancer!!
You burn the deep elf pyromancer.
You kill the deep elf pyromancer!
Okawaru accepts your kill.
The fire elemental disappears in a puff of smoke! x2
The liquid fire burns you!
Unknown command.
You shake off some of the fire as you move.
The liquid fire burns you!
You see here a +0 long sword.
You shake off some of the fire as you move.
The liquid fire burns you! Rupert roars wildly at you.
You are confused.
Unknown command.
You shake off some of the fire as you move.
The liquid fire burns you!
Unknown command.
Unknown command.
You shake off the liquid fire.
You're too confused to move!
Rupert roars madly and goes into a rage!
Rupert goes berserk!
Unknown command.
You feel better. Rupert closely misses you. You furiously retaliate!
You headbutt Rupert! Rupert attacks as he pursues you!
Rupert hits you with a +2 executioner's axe of distortion!
Space warps around you.
Rupert hits you with a +2 executioner's axe of distortion!!
Space warps around you. Rupert closely misses you.
Rupert hits you with a +2 executioner's axe of distortion!!
* * * LOW HITPOINT WARNING * * *
Space warps horribly around you!!
You die...
Rupert roars with triumph.

#.## #.## # #...
... # #..###.# #
#. # #..##..# #
#..#.#..##..# #
........##..####.#
#####
#......))........#
)....
###.......@.#.####
#####
....######@## #
###### ### #>#
...... #.######
######
#......###########
######............
#############


You could see Rupert (berserk).

Vanquished Creatures
  A minotaur (Gauntlet)
  The ghost of Brozuf the Grappler, a journeyman TrSh of Trog (Lair:3)
  Snorg (Lair:3)
  A fire dragon (Lair:5)
  Fannar (Lair:3)
  An entropy weaver (Gauntlet)
  6 hydras
  4 boulder beetles
  The ghost of Computerfleisch the Protected, a novice MiFi of Trog (D:11)
  4 two-headed ogres
  A centaur warrior (D:13)
  4 tengu warriors
  3 death yaks (Lair:4)
  4 orc high priests (Orc:2)
  A fire crab (Gauntlet)
  An arcanist (D:10)
  2 lindwurms (Lair:5)
  A wolf spider (Gauntlet)
  3 deep elf pyromancers
  An orc knight (Orc:1)
  3 ugly things
  A manticore (D:13)
  A faun (shapeshifter) (D:13)
  3 orc sorcerers
  3 cyclopes
  7 elephants (Lair:3)
  5 black mambas
  2 kobold blastminers (Orc:2)
  A torpor snail (Lair:5)
  3 unseen horrors
  10 cane toads
  2 molten gargoyles (Lair:5)
  2 kobold demonologists (D:10)
  Psyche (D:11)
  A freezing wraith (D:9)
  17 komodo dragons
  5 trolls
  3 hornets (D:9)
  2 polar bears
  A hornet (shapeshifter) (D:13)
  Grinder (D:3)
  2 wraiths
  2 fire bats (Gauntlet)
  6 basilisks
  A spriggan (Lair:3)
  8 wyverns
  A vampire (D:12)
  2 shadows
  A ynoxinul (D:11)
  A golden eye (shapeshifter) (D:13)
  5 steam dragons
  44 yaks
  5 wargs
  5 redbacks
  7 vampire mosquitoes
  Grum (D:8)
  3 acid dragons
  13 water moccasins
  3 hell hounds (Lair:5)
  21 orc warriors
  2 laughing skulls (D:13)
  2 ice beasts
  A swamp drake (Lair:1)
  4 black bears
  10 centaurs
  17 wolves
  Blork the orc (D:5)
  A kobold brigand (D:10)
  14 bullfrogs
  2 gnoll sergeants
  4 scorpions
  4 wights (D:7)
  15 killer bees
  2 bombardier beetles
  An electric eel (Lair:2)
  8 howler monkeys
  5 lava snakes (Lair:5)
  6 hounds
  2 jellies
  Crazy Yiuf (D:5)
  38 orc priests
  2 gnoll boudas
  A sleepcap (D:6)
  Natasha (D:3)
  6 iguanas
  32 orc wizards
  8 hell rats
  A centaur simulacrum (D:9)
  15 gnolls
  4 adders
  A shadow imp (D:7)
  A white imp (D:7)
  4 ufetubi
  3 dart slugs
  4 ribbon worms
  46 orcs
  5 ball pythons
  8 bats
  9 endoplasms
  2 giant cockroaches
  11 goblins
  5 hobgoblins
  3 quokkas
  A frilled lizard (D:1)
  8 kobolds
  6 rats
574 creatures vanquished.

Vanquished Creatures (others)
  Maurice (D:9)
  An orc priest (Orc:2)
2 creatures vanquished.

Grand Total: 576 creatures vanquished

Notes
Turn   | Place    | Note
-------+----------+-------------------------------------------
     0 | D:1      | Doomgape the Minotaur Fighter began the quest for the Orb.
     0 | D:1      | Reached XP level 1. HP: 19/19 MP: 0/0
    96 | D:1      | Found a faded altar of an unknown god.
   266 | D:1      | Reached XP level 2. HP: 27/27 MP: 1/1
   715 | D:2      | Reached skill level 3 in Long Blades
   715 | D:2      | Reached XP level 3. HP: 30/33 MP: 2/2
  1043 | D:2      | Reached XP level 4. HP: 22/41 MP: 3/3
  1522 | D:3      | Found a snail-covered altar of Cheibriados.
  1560 | D:3      | Noticed Grinder
  1567 | D:3      | Paralysed by Grinder for 3 turns
  1572 | D:3      | Paralysed by Grinder for 5 turns
  1579 | D:3      | Killed Grinder
  1580 | D:3      | Reached skill level 5 in Fighting
  1580 | D:3      | Reached skill level 4 in Long Blades
  1580 | D:3      | Reached skill level 5 in Armour
  1580 | D:3      | Reached skill level 5 in Shields
  1580 | D:3      | Reached XP level 5. HP: 21/48 MP: 4/4
  1580 | D:3      | Reached XP level 6. HP: 25/56 MP: 5/5
  2044 | D:3      | Noticed Natasha
  2053 | D:3      | Killed Natasha
  2303 | D:4      | Identified the +1 pair of boots "Loufis" {rC+}
  2811 | D:4      | Reached skill level 5 in Long Blades
  2811 | D:4      | Reached XP level 7. HP: 58/62 MP: 6/6
  2901 | D:4      | Found a sparkling altar of Nemelex Xobeh.
  3031 | D:4      | Found a shimmering altar of Xom.
  3258 | D:5      | Entered Level 5 of the Dungeon
  3393 | D:5      | Found Gifump's Magic Scroll Boutique.
  3458 | D:5      | Noticed Blork the orc
  3467 | D:5      | Killed Blork the orc
  4098 | D:5      | Found a runed translucent door.
  4099 | D:5      | Noticed Crazy Yiuf
  4109 | D:5      | Killed Crazy Yiuf
  4177 | D:6      | Found a bloodstained altar of Trog.
  4291 | D:6      | Reached skill level 6 in Long Blades
  4291 | D:6      | Reached XP level 8. HP: 69/71 MP: 7/7
  5109 | D:6      | Found an ancient bone altar of Kikubaaqudgha.
  5134 | D:6      | Found a white marble altar of Elyvilon.
  5328 | D:6      | Reached skill level 7 in Long Blades
  5524 | D:7      | Reached XP level 9. HP: 69/81 MP: 8/8
  5834 | D:7      | Found a staircase to the Ecumenical Temple.
  5867 | Temple   | Entered the Ecumenical Temple
  5880 | Temple   | Became a worshipper of Warmaster Okawaru
  6477 | D:8      | Reached skill level 8 in Long Blades
  6477 | D:8      | Reached skill level 1 in Invocations
  6649 | D:8      | Reached * piety under Okawaru
  6880 | D:8      | Noticed Grum
  6899 | D:8      | Killed Grum
  6905 | D:8      | Reached skill level 9 in Long Blades
  7085 | D:8      | Found a burning altar of Makhleb.
  7093 | D:8      | Noticed a two-headed ogre
  7101 | D:8      | Killed a two-headed ogre
  7101 | D:8      | Reached ** piety under Okawaru
  7102 | D:8      | Reached XP level 10. HP: 63/89 MP: 11/11
  7373 | D:8      | Reached skill level 10 in Armour
  7684 | D:9      | Reached skill level 1 in Evocations
  7696 | D:9      | Noticed Maurice
  7726 | D:9      | Killed Maurice
  7727 | D:9      | Reached skill level 10 in Long Blades
  7876 | D:9      | Reached skill level 5 in Invocations
  8266 | D:9      | Found Zyffucui's Jewellery Emporium.
  8304 | D:9      | Found a runed translucent door.
  8562 | D:9      | Found a runed translucent door.
  8643 | D:9      | Reached skill level 11 in Long Blades
  8823 | D:9      | Paralysed by a hornet for 1 turns
  8833 | D:9      | Reached *** piety under Okawaru
  9008 | D:9      | Noticed a two-headed ogre
  9053 | D:9      | Killed a two-headed ogre
  9054 | D:9      | Reached XP level 11. HP: 75/95 MP: 9/14
  9270 | D:10     | Entered Level 10 of the Dungeon
  9439 | D:9      | Reached skill level 5 in Evocations
  9496 | D:10     | Found a staircase to the Lair.
  9615 | D:10     | Found a staircase to the Orcish Mines.
  9661 | D:10     | Reached **** piety under Okawaru
  9662 | D:10     | Reached skill level 12 in Long Blades
  9700 | D:10     | Noticed an arcanist
  9758 | D:10     | Killed an arcanist
  9841 | D:10     | Found a sacrificial altar of Ru.
 10118 | D:10     | Found an ornate altar of the Wu Jian Council.
 10179 | Lair:1   | Entered Level 1 of the Lair of Beasts
 10836 | Lair:1   | Reached skill level 13 in Long Blades
 11027 | Lair:1   | Reached XP level 12. HP: 82/104 MP: 13/17
 12468 | Lair:2   | Found a staircase to the Shoals.
 12546 | Lair:2   | Found a hole to the Spider Nest.
 12580 | Lair:2   | Reached skill level 10 in Fighting
 13425 | Lair:3   | Noticed a four-headed hydra
 13714 | Lair:3   | Reached skill level 14 in Long Blades
 13956 | Lair:3   | Killed an eight-headed hydra
 14008 | Lair:3   | Found a large runed translucent door.
 14008 | Lair:3   | Found a large runed translucent door.
 14565 | Lair:3   | Noticed Fannar
 14592 | Lair:3   | Killed Fannar
 14593 | Lair:3   | Reached XP level 13. HP: 76/116 MP: 10/18
 14737 | Lair:3   | Noticed Brozuf's ghost (journeyman TrSh)
 15052 | Lair:3   | Killed Brozuf's ghost
 15113 | Lair:4   | Noticed Snorg
 15131 | Lair:3   | Killed Snorg
 15238 | Lair:4   | Reached skill level 15 in Long Blades
 15816 | Lair:4   | Found a viscous altar of Jiyva.
 15823 | Lair:4   | Found a staircase to the Slime Pits.
 16068 | Lair:5   | Entered Level 5 of the Lair of Beasts
 17586 | Lair:5   | Reached skill level 10 in Evocations
 17991 | Lair:5   | Noticed a fire dragon
 18119 | Lair:5   | Reached skill level 10 in Invocations
 18272 | Lair:5   | Found a large runed translucent door.
 18273 | Lair:5   | Found a large runed translucent door.
 18357 | Lair:5   | Killed a fire dragon
 18358 | Lair:5   | Reached skill level 16 in Long Blades
 18368 | Lair:5   | Identified the ring "Baafor" {Str+6 Slay+3 Stlth+}
 18601 | Orc:1    | Entered Level 1 of the Orcish Mines
 18777 | Orc:2    | Entered Level 2 of the Orcish Mines
 19031 | Orc:2    | Reached XP level 14. HP: 128/129 MP: 20/20
 19269 | Orc:1    | Reached skill level 1 in Throwing
 19538 | Orc:1    | Noticed a cyan very ugly thing
 19672 | Orc:1    | Found Doloz's Armour Shop.
 19800 | Orc:1    | Found a transporter.
 19803 | Orc:1    | Noticed Axelsxxd's ghost (journeyman MfGl)
 19805 | Orc:1    | Found a one-way gate to the infinite horrors of the Abyss.
 19807 | Orc:1    | Found a transporter.
 19860 | Orc:1    | Noticed a cacodemon
 20344 | Orc:2    | Found a staircase to the Elven Halls.
 20411 | Orc:2    | Found Boecuep's Distillery.
 20618 | Orc:2    | Paralysed by an orc sorcerer for 5 turns
 20826 | Orc:2    | Found Joifod's Antique Weapon Emporium.
 20826 | Orc:2    | Found Miwkiuduwu's Antique Weapon Emporium.
 20829 | Orc:2    | Found Bemerio's Magic Scroll Shoppe.
 20852 | Orc:2    | Bought a scroll of identify for 28 gold pieces
 20855 | Orc:2    | Bought a potion of might for 56 gold pieces
 20855 | Orc:2    | Bought a potion of curing for 42 gold pieces
 20855 | Orc:2    | Bought a potion of curing for 42 gold pieces
 21249 | Orc:2    | Bought a glowing falchion for 180 gold pieces
 21541 | D:11     | Found a gate leading to a gauntlet.
 21547 | Gauntlet | Entered a Gauntlet
 21547 | Gauntlet | Found a transporter.
 21547 | Gauntlet | Found a transporter.
 21547 | Gauntlet | Found a transporter.
 21548 | Gauntlet | Found a transporter.
 21551 | Gauntlet | Found a transporter.
 21552 | Gauntlet | Found a transporter.
 21560 | Gauntlet | Found a transporter.
 21561 | Gauntlet | Found a transporter.
 21563 | Gauntlet | Found a transporter.
 21568 | Gauntlet | Found a transporter.
 21569 | Gauntlet | Found a runed translucent gate.
 21571 | Gauntlet | Found a runed translucent gate.
 21571 | Gauntlet | Found a transporter.
 21572 | Gauntlet | Found a runed translucent gate.
 21581 | Gauntlet | Found a transporter.
 21876 | Gauntlet | Identified the +0 helmet "Qebof" {^Contam Rampage rElec}
 21931 | Gauntlet | HP: 5/132 [redback (12)]
 22246 | Gauntlet | Identified the +0 barding of the Healing Gods {Harm rC+
                  | Will+ Dex+2}
 22350 | Gauntlet | Identified the amulet "Bioriol" {Spirit Fly Will- Str+3}
 22837 | D:11     | Found a runed translucent door.
 22846 | D:11     | Noticed Computerfleisch's ghost (novice MiFi)
 23127 | D:11     | Noticed Psyche
 23159 | D:11     | Killed Psyche
 23608 | D:11     | Killed Computerfleisch's ghost
 23835 | D:12     | Found a corrupted altar of Lugonu.
 24015 | D:12     | Reached skill level 17 in Long Blades
 24279 | D:12     | Found Odouxt's Book Emporium.
 24450 | D:13     | Reached skill level 5 in Throwing
 24515 | D:13     | Found a gate to the Vaults.
 24534 | D:13     | Noticed an emperor scorpion
 24537 | D:13     | an emperor scorpion changed into an entropy weaver
 24666 | D:13     | Found Lioxkarr's Weapon Shop.
 25720 | D:13     | Reached skill level 15 in Fighting
 26278 | D:14     | Noticed Rupert
 26289 | D:14     | Slain by Rupert

Illustrated notes

Levels and vault maps discovered:
D:1:      dpeg_arrival_leaves_temple_mockup, layout_loops_cross,
          hellmonk_ecumenical_altar_lost_god
D:2:      layout_rooms, roderic_serpentine_path
D:3:      layout_loops_ring, overflow_temple_1_default, uniq_grinder,
          uniq_natasha
D:4:      layout_loops_ring, lemuel_round_altar, nemelex_spade_bored_becter,
          nicolae_concentric_dashed_squares_wild, kennysheep_decorative_pillar,
          st_stairs_8
D:5:      layout_cave_pools, serial_shops, nicolae_shop_rolling_square,
          uniq_crazy_yiuf_cottage, uniq_blork_the_orc
D:6:      cheibrodos_quashed, layout_basic, old_standard_altar,
          kennysheep_mini_moat, elyvilon_altar_1, grunt_ministairs_6,
          minmay_misc_feat_five, hangedman_decor_clover_reticule,
          nicolae_zig_zag_zippers
D:7:      layout_loops_cross, minmay_temple_entry_waves
D:8:      layout_gridville, mainiacjoe_overflow_24_doors, uniq_grum
D:9:      cheibrodos_histonic, layout_basic, serial_shops, shop, uniq_maurice
D:10:     layout_big_octagon, pdpol_wu_jian_five_deadly_venoms,
          lemuel_tele_altar, minmay_lair_entry_grove, enter_bailey_5
D:11:     layout_loops_ring, portal_ice_cave_entry_pillars_2,
          gauntlet_entry_generic, hellmonk_ghost_big_iron, uniq_psyche
D:12:     layout_basic, serial_shops, shop, tgw_lugonu_bribe
D:13:     layout_irregular_city, david_vaults_2, serial_shops,
          nicolae_shop_rolling_square
D:14:     layout_loops_ring, minmay_misc_feat_four_crosses, uniq_rupert
Temple:   dshaligram_water_room_temple
Lair:1:   layout_small_grid, pond, lemuel_fruit_tree
Lair:2:   layout_cave_pods, elwin_shoals_entry_rooms, spider_nest_entry_webs
Lair:3:   layout_roguey, ebering_ghost_disaster_area,
          grunt_forest_large_clearings, grunt_megastairs_2,
          infiniplex_staircase_pool_2, uniq_fannar
Lair:4:   layout_hall_layers, slime_entry_2, uniq_snorg
Lair:5:   cheibrodos_lair_end_hotspot, layout_regular_city
Orc:1:    layout_caves, gammafunk_ghost_abyssal_escape, serial_shops,
          shop_statue
Orc:2:    st_orc_mages, layout_caves

Skill      XL: |  1  2  3  4  5  6  7  8  9 10 11 12 13 14 |
---------------+-------------------------------------------+-----
Fighting       | 4 5 6 8 9 11 13 15 | 15.2
Armour         | 4 5 6 8 9 10 | 10.0
Long Blades    | 3 4 5 6 7 9 11 13 14 16 17 | 17.6
Shields        | 4 5 6 7 8 |  8.3
Invocations    | 3 6 8 10 | 10.0
Evocations     | 4 6 8 10 | 10.2
Throwing       | 6 |  6.3

Action                     |  1- 3 |  4- 6 |  7- 9 | 10-12 | 13-15 || total
---------------------------+-------+-------+-------+-------+-------++-------
  Melee: Long sword        |    49 |       |       |       |       ||    49
         Headbutt          |    12 |    21 |    75 |   211 |   247 ||   566
         Falchion          |    21 |    99 |   305 |   976 |   912 ||  2313
         Unarmed           |       |       |       |       |     2 ||     2
 Invoke: Heroism           |       |       |     1 |    37 |    47 ||    85
         Finesse           |       |       |       |       |     6 ||     6
  Evoke: Wand              |       |       |     1 |     5 |     9 ||    15
    Use: Potion            |       |     1 |     4 |     7 |    10 ||    22
         Scroll            |       |       |     9 |    10 |     3 ||    22
   Stab: Distracted        |       |       |       |     1 |       ||     1
 Armour: Scale mail        |    55 |    29 |       |       |       ||    84
         Chain mail        |       |    41 |   235 |   128 |       ||   404
         Plate armour      |       |       |       |   494 |   695 ||  1189
         Skin              |       |       |       |       |     3 ||     3
  Dodge: Dodged            |    36 |    32 |   130 |   281 |   214 ||   693
  Block: Buckler           |    13 |    22 |    91 |   230 |   191 ||   547
